 Dungeon Crawl Stone Soup version 0.14-a0-1413-g94b8a5e (webtiles) character file.

2260 4tharraofdagon the Poker (level 9, 0/75 HPs)
             Began as a Centaur Gladiator on Dec 11, 2013.
             Was a Believer of Zin.
             Slain by a centaur (5 damage)
             ... on Level 8 of the Dungeon.
             The game lasted 00:22:41 (3135 turns).

4tharraofdagon the Poker (Centaur Gladiator)        Turns: 3135, Time: 00:22:41

HP   0/75        AC 13     Str 20      XL: 9   Next:  4%
MP  12/12        EV  5     Int  7 (8)  God: Zin [**....]
Gold 218         SH  0     Dex 13      Spells:  0 memorised,  8 levels left

rFire  . . .     SeeInvis .     u - +2,+0 halberd
rCold  . . .     Clarity  .     q - +0 chain mail
rNeg   . . .     Conserve .     (no shield)
rPois  +         rCorr    .     c - +0 helmet
rElec  .         rRot     .     (no cloak)
SustAb . .       Spirit   .     n - +1 pair of elf gloves
rMut   .         Warding  .     (no barding)
Saprov . . .     Stasis   .     (no amulet)
                                N - +2 ring of protection
                                I - ring of poison resistance

@: vitalised, very quick, slightly resistant to hostile enchantments, extremely
unstealthy
A: hooves 3, agile 1, deformed body, herbivore 1, speed 2, fast metabolism 1,
tough skin 3, weak 1
a: Recite, Vitalisation, Renounce Religion


You were on level 8 of the Dungeon.
You worshipped Zin.
Zin was pleased with you.
You were hungry.

You visited 2 branches of the dungeon, and saw 11 of its levels.

You collected 242 gold pieces.
You donated 24 gold pieces.

Inventory:

Hand weapons
 a - a +0,+0 trident
 g - a +0,+2 orcish hand axe of electrocution
 u - a +2,+0 halberd (weapon)
 C - a +1,+2 bow of velocity
 G - a +2,+2 elven bow of flame
 J - a +0 blowgun
 M - a +1,+2 scythe of dragon slaying
Missiles
 D - 24 arrows
 K - 6 curare-tipped needles
Armour
 b - a +0 leather armour
 c - a +0 helmet (worn)
 k - a +0 chain mail
 l - a +0 orcish chain mail
 n - a +1 pair of elven gloves (worn)
 q - a +0 chain mail (worn)
Magical devices
 o - a wand of polymorph (7)
 r - a wand of random effects (4)
 y - a wand of slowing (0)
 E - a wand of confusion (1)
 L - a wand of digging (15)
Comestibles
 f - 4 bread rations
 m - 3 meat rations
 F - an orange
Scrolls
 e - 2 scrolls of remove curse
 h - a scroll of teleportation {unknown}
 j - a scroll of amnesia {unknown}
 s - a scroll of curse weapon {unknown}
 x - a scroll of fear {unknown}
 z - a scroll of recharging {unknown}
 A - 2 scrolls of enchant armour {unknown}
 B - a scroll of curse armour {unknown}
 H - a scroll of brand weapon {unknown}
Jewellery
 v - an uncursed ring of teleportation
 w - an uncursed ring of ice
 I - a ring of poison resistance (left hand)
 N - a +2 ring of protection (right hand)
Potions
 i - a potion of curing
 p - a potion of degeneration
 t - a potion of restore abilities
Magical staves
 d - an uncursed staff of conjuration


   Skills:
 + Level 5.7 Fighting
 * Level 7.4 Polearms
 + Level 2.5 Bows
 - Level 2.6 Throwing
 + Level 3.7 Armour
 - Level 2.1 Dodging
 + Level 3.4 Invocations
 - Level 3.0 Evocations


You had 8 spell levels left.
You didn't know any spells.

Dungeon Overview and Level Annotations

Branches:
Dungeon (10/16)            Temple (1/1) D:4
    Orc: D:9-12        Lair: D:8-11

Altars:
Cheibriados
Elyvilon
Fedhas
Kikubaaqudgha
Makhleb
Nemelex Xobeh
Vehumet
Zin

Annotations:
D:9 Eustachio


Innate Abilities, Weirdness & Mutations

You have hooves in place of feet.
Armour fits poorly on your strangely shaped body.
You digest meat inefficiently.
You cover ground very quickly.
You have a fast metabolism.
You have extremely tough skin (AC +3).
You are agile. (Dex +2)
You are weak. (Str -2)


Message History

The centaur is severely wounded.
The centaur hits you but does no damage.
The centaur hits you.
* * * LOW HITPOINT WARNING * * *
You closely miss the centaur. Your kick misses the centaur.
The centaur is severely wounded.
The centaur hits you but does no damage.
You hit the centaur but do no damage.
The centaur is heavily wounded.
The centaur hits you.
* * * LOW HITPOINT WARNING * * *
The centaur hits you but does no damage.
You barely miss the centaur.
The centaur is heavily wounded.
The centaur hits you!
* * * LOW HITPOINT WARNING * * *
You hit the centaur but do no damage. You kick the centaur.
The centaur is severely wounded.
The centaur hits you.
You die...

#.....##### #.....#
####.....#
.........o########
####...........>...
..#....########...
#.#....# #... #(#....#
#... #@#....# #...
#c#....# #...
.#######.#....# #...
%........#....# #...
..........#....# #...
#######'##....########...
...?.....(a.c..>.....g....
.....(....l...........)..
.:............#######....


You could see a centaur.

Vanquished Creatures
  Pikel (D:5)
  A yak (D:9)
  A slave (D:5)
  2 sky beasts (D:6)
  2 centaurs
  3 ogres
  A big kobold (D:9)
  3 giant frogs
  Blork the orc (D:9)
  A hippogriff zombie (D:9)
  A crimson imp (D:6)
  A giant frog skeleton (D:5)
  A hound (D:3)
  An iguana (D:6)
  2 worker ants
  2 orc wizards (D:4)
  3 gnolls
  7 adders
  An inept feature mimic (D:2)
  A giant mite (D:1)
  A worm (D:5)
  4 giant geckos
  16 orcs
  A ball python (D:3)
  9 bats
  A bat skeleton (D:5)
  2 giant cockroaches
  6 hobgoblins
  14 kobolds
  An ooze (D:1)
  A quokka (D:6)
  A giant gecko skeleton (D:4)
  6 giant newts
  7 goblins
  A kobold skeleton (D:5)
  5 rats
  A toadstool (D:1)
113 creatures vanquished.

Vanquished Creatures (others)
  A bat (D:5)
  3 toadstools (D:1)
4 creatures vanquished.

Grand Total: 117 creatures vanquished

Notes
Turn   | Place    | Note
--------------------------------------------------------------
     0 | D:1      | 4tharraofdagon, the Centaur Gladiator, began the quest for the Orb.
     0 | D:1      | Reached XP level 1. HP: 17/17 MP: 1/1
   125 | D:1      | Reached skill level 3 in Polearms
   128 | D:1      | Reached XP level 2. HP: 14/24 MP: 2/2
   299 | D:2      | Reached XP level 3. HP: 18/30 MP: 3/3
   361 | D:2      | Reached skill level 1 in Armour
   496 | D:3      | Found an ancient bone altar of Kikubaaqudgha.
   614 | D:2      | You fall through a shaft!
   699 | D:4      | Found a staircase to the Ecumenical Temple.
   703 | Temple   | Entered the Ecumenical Temple
   732 | Temple   | Became a worshipper of Zin the Law-Giver
   860 | D:4      | Reached XP level 4. HP: 37/37 MP: 3/3
   971 | D:3      | timbw: centaurs
   976 | D:3      | Reached skill level 1 in Evocations
   978 | D:3      | timbw: worse then trolls
   992 | D:3      | timbw: have u ever tried
  1001 | D:3      | timbw: bows?
  1001 | D:3      | timbw: for speedrun
  1001 | D:3      | 4tharraofdagon: naa
  1001 | D:3      | 4tharraofdagon: im recently into crap combos
  1038 | D:3      | Mulzaro: :D
  1085 | D:4      | Reached skill level 4 in Polearms
  1085 | D:4      | Reached XP level 5. HP: 43/45 MP: 5/5
  1119 | D:4      | Acquired Zin's first power
  1122 | D:4      | Noticed an ogre
  1133 | D:4      | timbw: shitty ev, shitty ac, shitty regen from the fast speed
  1135 | D:4      | timbw: shitty hunger
  1145 | D:4      | Killed an ogre
  1146 | D:4      | timbw: shitty everything
  1150 | D:4      | timbw: fucking centaur
  1216 | D:5      | Entered Level 5 of the Dungeon
  1223 | D:5      | timbw: at least if u make it to extended
  1230 | D:5      | timbw: you have nice hp for dis
  1286 | D:5      | Mulzaro: Dont forget they need less shield skill for casting!
  1328 | D:5      | timbw: i havnt forgot, but who uses 1h
  1387 | D:5      | Reached XP level 6. HP: 32/51 MP: 6/6
  1397 | D:5      | Noticed a slave
  1399 | D:5      | Noticed a slave
  1400 | D:5      | Noticed Pikel
  1403 | D:5      | Noticed a slave
  1403 | D:5      | Noticed a slave
  1404 | D:5      | Mulzaro: Caster with -3 aptitudes, op as fuck
  1423 | D:5      | Killed a slave
  1433 | D:5      | Killed Pikel
  1433 | D:5      | Reached skill level 5 in Polearms
  1433 | D:5      | Reached XP level 7. HP: 22/59 MP: 6/8
  1750 | D:6      | Reached skill level 1 in Invocations
  1757 | D:6      | Reached skill level 6 in Polearms
  1757 | D:6      | Reached XP level 8. HP: 24/67 MP: 10/10
  1775 | D:6      | Found a snail-covered altar of Cheibriados.
  2074 | D:6      | HP: 2/67 [giant frog (4)]
  2075 | D:6      | Zin protects you from harm!
  2077 | D:6      | Reached skill level 5 in Fighting
  2091 | D:6      | Gained mutation: You are agile. (Dex +2) [potion of mutation]
  2091 | D:6      | Gained mutation: You are weak. (Str -2) [potion of mutation]
  2157 | D:7      | Ladykiller69: dis be ridic :D
  2214 | D:7      | Ladykiller69: also why the fuck CeGl!?
  2248 | D:7      | Ladykiller69: with polearms
  2254 | D:7      | Ladykiller69: !?
  2368 | D:9      | Ladykiller69: did you random?
  2498 | D:9      | Noticed Blork the orc
  2522 | D:9      | Killed Blork the orc
  2522 | D:9      | Reached skill level 1 in Bows
  2551 | D:9      | 4tharraofdagon: naa
  2571 | D:9      | Reached skill level 7 in Polearms
  2616 | D:9      | Acquired Zin's second power
  2645 | D:9      | Noticed a troll
  2678 | D:9      | HP: 1/69 [troll (3)]
  2693 | D:10     | Ladykiller69: nice hitpoint
  2693 | D:10     | Entered Level 10 of the Dungeon
  2707 | D:10     | HP: 1/69 [hound (4)]
  2724 | D:10     | Mulzaro: gotta go fast
  2725 | D:10     | HP: 2/69 [worker ant (1)]
  2755 | D:10     | Mulzaro: safe and sound
  2842 | D:9      | Noticed Eustachio
  2891 | D:9      | Mulzaro: lol
  3119 | D:8      | Reached XP level 9. HP: 34/75 MP: 12/12
  3135 | D:8      | Slain by a centaur

Action                   |  1- 3 |  4- 6 |  7- 9 || total
-------------------------+-------+-------+-------++-------
Melee: Trident           |   112 |   101 |   118 ||   331
       Halberd           |       |       |    95 ||    95
 Fire: Bow               |       |       |    10 ||    10
       Blowgun           |       |       |     2 ||     2
Throw: Throwing net      |     2 |     7 |       ||     9
Invok: Vitalisation      |       |       |     2 ||     2
 Abil: Evoke Teleportati |       |       |     2 ||     2
Evoke: Wand              |     1 |       |    19 ||    20
  Use: Potion            |     5 |     7 |     5 ||    17
       Scroll            |       |     1 |     2 ||     3
 Stab: Held in net/web   |       |     2 |       ||     2
       Confused          |       |       |     1 ||     1
       Invisible         |       |       |     1 ||     1
